[Event "ICC tourney 3069 (40 10)"]
[Site "Internet Chess Club"]
[Date "2022.12.03"]
[Round "1"]
[White "THAPER, RISHUBH:MajorKey"]
[Black "SCHROMBECK, JON A:Gm374"]
[Result "1-0"]
[ICCResult "Black resigns"]
[WhiteElo "1328"]
[BlackElo "1036"]
[Opening "Catalan opening"]
[ECO "E00"]
[NIC "CA.01"]
[Time "11:00:46"]
[PlyCount "55"]
[TimeControl "2400+10"]

1. d4 Nf6 2. c4 e6 3. g3 c5 4. d5 d6 5. Nc3 exd5 6. cxd5 a6 7. a4 Bd7 8. Nf3
Be7 9. Bg2 O-O 10. O-O Be8 11. e4 Nfd7 12. Bf4 f6 13. Qb3 b6 14. Nd2 Ne5 15.
Bxe5 fxe5 16. Nc4 Nd7 17. Bh3 b5 18. axb5 axb5 19. Rxa8 Qxa8 20. Nxb5 Nf6
21. Nbxd6 Nxe4 22. Nxe4 Qxd5 23. Bg2 Qf7 24. Nc3 Kh8 25. Nd5 Bc6 26. Nxe5
Qe6 27. Nxc6 Qxc6 28. Nxe7 {Black resigns} 1-0

[Event "ICC tourney 3069 (40 10)"]
[Site "Internet Chess Club"]
[Date "2022.12.03"]
[Round "1"]
[White "Mehta, Aarav Amit:amitmehta22"]
[Black "WESLEY, GEORGE:Maglars"]
[Result "1/2-1/2"]
[ICCResult "Game drawn by mutual agreement"]
[WhiteElo "1423"]
[BlackElo "1125"]
[Opening "Scandinavian (center counter) defense"]
[ECO "B01"]
[NIC "SD.01"]
[Time "11:00:45"]
[PlyCount "54"]
[TimeControl "2400+10"]

1. e4 d5 2. exd5 Qxd5 3. Nc3 Qa5 4. Nf3 Nf6 5. Bc4 Bf5 6. d4 c6 7. O-O e6 8.
Re1 Be7 9. Bd2 O-O 10. a3 Qc7 11. Ne5 Nbd7 12. Bf4 Qd8 13. Bb3 Rc8 14. Ne2
b5 15. Ng3 Bg6 16. Qf3 Nxe5 17. dxe5 Nd5 18. Rad1 Qb6 19. Ne4 Nxf4 20. Qxf4
Rcd8 21. Nd6 c5 22. c3 c4 23. Ba2 Rd7 24. Rd2 Qd8 25. Red1 Bg5 26. Qf3 Bxd2
27. Rxd2 Qg5 {Game drawn by mutual agreement} 1/2-1/2

[Event "ICC tourney 3069 (40 10)"]
[Site "Internet Chess Club"]
[Date "2022.12.03"]
[Round "1"]
[White "STONE, GILBERT L:tightfist"]
[Black "McGuire, Bryce:BryceMcGuire"]
[Result "0-1"]
[ICCResult "White checkmated"]
[WhiteElo "1201"]
[BlackElo "669"]
[Opening "Queen's pawn game"]
[ECO "D02"]
[NIC "QP.09"]
[Time "11:00:45"]
[PlyCount "60"]
[TimeControl "2400+10"]

1. Nf3 d5 2. d4 Bf5 3. g3 c6 4. Bg2 e6 5. O-O Nf6 6. b3 Bb4 7. Bb2 O-O 8. a3
Be7 9. Nh4 Be4 10. f3 Bf5 11. Nxf5 exf5 12. Nd2 f4 13. c4 Qc7 14. Qe1 h6 15.
e3 fxe3 16. Qxe3 Re8 17. Qd3 Bf8 18. Rae1 Nbd7 19. Kf2 dxc4 20. Nxc4 Rxe1
21. Rxe1 Re8 22. Re3 Rxe3 23. Nxe3 Nb6 24. f4 Nbd5 25. Kf3 Qe7 26. Nxd5 Nxd5
27. Qe4 Qd7 28. Qe5 Bd6 29. Qe2 g5 30. fxg5 Qf5# {White checkmated} 0-1

[Event "ICC tourney 3069 (40 10)"]
[Site "Internet Chess Club"]
[Date "2022.12.03"]
[Round "1"]
[White "procopio, Patti:prostripe"]
[Black "ANGEL, BORYS:BArkadia"]
[Result "1/2-1/2"]
[ICCResult "Game drawn by mutual agreement"]
[WhiteElo "1037"]
[BlackElo "1388"]
[Opening "Queen's pawn: London system"]
[ECO "A45"]
[NIC "QP.07"]
[Time "11:01:02"]
[PlyCount "99"]
[TimeControl "2400+10"]

1. d4 Nf6 2. Bf4 d6 3. Nf3 g6 4. Nbd2 Bg7 5. c3 Nbd7 6. Qb3 c5 7. e3 O-O 8.
Bc4 Nb6 9. O-O Nxc4 10. Qxc4 cxd4 11. cxd4 Be6 12. Qb4 Nd5 13. Qxb7 Nxf4 14.
exf4 Rb8 15. Qxa7 Rxb2 16. a4 Bd5 17. a5 Rb7 18. Qa6 Qa8 19. Qxa8 Rxa8 20.
a6 Rba7 21. Rfe1 Bf8 22. Ra5 Bc6 23. d5 Bd7 24. Rea1 Bc8 25. Nc4 Rxa6 26.
Rxa6 Rxa6 27. Rxa6 Bxa6 28. Nb6 Bg7 29. Nd2 Kf8 30. Ndc4 Ke8 31. g3 Kd8 32.
Kg2 Kc7 33. Kf3 Bd4 34. Na8+ Kb7 35. Ke4 Bg7 36. Nab6 Bc3 37. Kd3 Ba5 38.
Nd7 Be1 39. f3 Bf2 40. Nf8 h5 41. Nh7 Kc7 42. Ng5 f6 43. Ne6+ Kd7 44. Nf8+
Ke8 45. Nxg6 Kf7 46. f5 Bg1 47. h3 Bf2 48. g4 h4 49. Nf4 Bg3 50. Ne6
{Game drawn by mutual agreement}
1/2-1/2

[Event "ICC tourney 3069 (40 10)"]
[Site "Internet Chess Club"]
[Date "2022.12.03"]
[Round "1"]
[White "WU, DARREN:chessboy111"]
[Black "Tammineni, Tarun Ram:ttarun"]
[Result "1-0"]
[ICCResult "Black checkmated"]
[WhiteElo "1318"]
[BlackElo "783"]
[Opening "Giuoco Piano"]
[ECO "C54"]
[NIC "IG.02"]
[Time "11:09:48"]
[PlyCount "91"]
[TimeControl "2400+10"]

1. e4 e5 2. Nf3 Nc6 3. Bc4 Bc5 4. c3 Nf6 5. d3 d6 6. h3 O-O 7. O-O Be6 8.
Bb5 Qd7 9. Nbd2 a6 10. Ba4 b5 11. Bc2 Rfe8 12. Nb3 Bb6 13. Bg5 Qe7 14. Bxf6
Qxf6 15. Re1 Rad8 16. Qe2 h6 17. Rad1 Kh8 18. a3 Rd7 19. Nbd2 Red8 20. Nf1
Qg6 21. Kh2 Qf6 22. Ng3 Qf4 23. b3 a5 24. d4 exd4 25. cxd4 Ne7 26. d5 Bxh3
27. gxh3 Re8 28. Kg2 Rdd8 29. Qxb5 Rb8 30. Qe2 Rbd8 31. Qc4 Qf6 32. e5 dxe5
33. Rxe5 Kg8 34. Rde1 c6 35. dxc6 Bc7 36. R5e2 Kf8 37. b4 axb4 38. Qxb4 Bd6
39. Qc4 Bxa3 40. c7 Rc8 41. Ba4 Nc6 42. Rxe8+ Rxe8 43. Rxe8+ Kxe8 44. c8=Q+
Qd8 45. Q4xc6+ Kf8 46. Qxd8# {Black checkmated} 1-0

[Event "ICC tourney 3069 (40 10)"]
[Site "Internet Chess Club"]
[Date "2022.12.03"]
[Round "2"]
[White "ASHOK, AMUDHAN:amudhanashok"]
[Black "Mehta, Aarav Amit:amitmehta22"]
[Result "0-1"]
[ICCResult "White resigns"]
[WhiteElo "895"]
[BlackElo "1423"]
[Opening "King's Indian: London system"]
[ECO "A48"]
[NIC "QP.03"]
[Time "13:16:00"]
[PlyCount "62"]
[TimeControl "2400+10"]

1. d4 Nf6 2. Nf3 g6 3. Bf4 Bg7 4. Nc3 d5 5. e3 O-O 6. Be2 c6 7. O-O Bf5 8.
Bd3 e6 9. Re1 Qb6 10. Rb1 Nbd7 11. e4 dxe4 12. Nxe4 Nd5 13. Bd6 Rfe8 14. c3
N7f6 15. Bc5 Qd8 16. Nxf6+ Bxf6 17. Bxf5 exf5 18. Qd2 Qc7 19. c4 Nf4 20.
Bxa7 Rxe1+ 21. Rxe1 Rxa7 22. Re8+ Kg7 23. Qe3 Rxa2 24. g3 Ra1+ 25. Ne1 Ne6
26. Kg2 Qd7 27. Rb8 Qxd4 28. Qe2 Qxb2 29. Qe3 Qe5 30. Qxe5 Bxe5 31. Nf3 Bxb8
{White resigns}
0-1

[Event "ICC tourney 3069 (40 10)"]
[Site "Internet Chess Club"]
[Date "2022.12.03"]
[Round "2"]
[White "Xu, Michael:mxu81"]
[Black "procopio, Patti:prostripe"]
[Result "1-0"]
[ICCResult "Black resigns"]
[WhiteElo "1186"]
[BlackElo "1037"]
[Opening "King's pawn opening"]
[ECO "B07"]
[NIC "VO.17"]
[Time "13:16:01"]
[PlyCount "95"]
[TimeControl "2400+10"]

1. e4 d6 2. d4 c6 3. Nf3 Bg4 4. h3 Bxf3 5. Qxf3 Nf6 6. Nc3 Nbd7 7. Bc4 e5 8.
d5 cxd5 9. Nxd5 Be7 10. O-O O-O 11. Nxe7+ Qxe7 12. Bg5 h6 13. Bh4 Rac8 14.
Bd5 Rxc2 15. Qb3 Rc7 16. Rac1 Rxc1 17. Rxc1 g5 18. Bg3 Nxd5 19. Qxd5 b6 20.
Rc6 Nc5 21. Rxd6 Nxe4 22. Rxh6 Nxg3 23. fxg3 Rd8 24. Qe4 Qc5+ 25. Kh2 Kf8
26. Rh8+ Ke7 27. Rxd8 Kxd8 28. Qa8+ Kd7 29. Qxa7+ Qc7 30. Qa4+ Ke7 31. Qb4+
Kf6 32. a4 Kg6 33. Qe4+ f5 34. Qd5 Qe7 35. Qc6+ Qf6 36. Qxf6+ Kxf6 37. b4
Ke6 38. g4 f4 39. Kg1 Kd5 40. a5 bxa5 41. bxa5 Kc5 42. Kf2 Kb5 43. Kf3 Kxa5
44. Ke4 Kb5 45. Kxe5 Kc4 46. Kf5 Kd3 47. Kxg5 Ke3 48. h4 {Black resigns} 1-0

[Event "ICC tourney 3069 (40 10)"]
[Site "Internet Chess Club"]
[Date "2022.12.03"]
[Round "2"]
[White "McGuire, Bryce:BryceMcGuire"]
[Black "WU, DARREN:chessboy111"]
[Result "0-1"]
[ICCResult "White checkmated"]
[WhiteElo "669"]
[BlackElo "1318"]
[Opening "Ruy Lopez: exchange variation, 5.O-O"]
[ECO "C68"]
[NIC "RL.08"]
[Time "13:16:04"]
[PlyCount "154"]
[TimeControl "2400+10"]

1. e4 e5 2. Nf3 Nc6 3. Bb5 a6 4. Bxc6 dxc6 5. O-O Bd6 6. d4 exd4 7. Qxd4 f6
8. a4 Ne7 9. Be3 O-O 10. Qc4+ Kh8 11. Bc5 Bg4 12. Nbd2 Bf4 13. Rfe1 Re8 14.
e5 Bxd2 15. Nxd2 Qxd2 16. Qxg4 fxe5 17. Rxe5 Ng6 18. Rxe8+ Rxe8 19. h3 Re1+
20. Rxe1 Qxe1+ 21. Kh2 Qe5+ 22. f4 Qxc5 23. Qc8+ Qf8 24. Qxb7 Qxf4+ 25. Kh1
h6 26. Qxc6 Qd6 27. Qb7 Qb6 28. Qe4 Kh7 29. b4 Qf6 30. h4 Qxh4+ 31. Qxh4
Nxh4 32. Kg1 Nf5 33. c4 c6 34. b5 cxb5 35. axb5 axb5 36. cxb5 Ne7 37. b6 Kg6
38. b7 Nc6 39. Kf2 Kf7 40. Ke3 Ke7 41. Kd3 Kd7 42. Kc4 Kc7 43. Kc5 Kxb7 44.
Kd6 Nd4 45. Ke5 Ne2 46. Ke4 Kc6 47. Ke3 Ng3 48. Kf4 Nf1 49. Kf3 Kd6 50. Ke4
Ke6 51. Kf3 Kf5 52. Kf2 Nd2 53. Ke3 Ne4 54. Kf3 h5 55. Ke3 g5 56. Kd4 g4 57.
Ke3 h4 58. Ke2 Kf4 59. Kf1 Kg3 60. Ke2 Kxg2 61. Ke3 h3 62. Kf4 h2 63. Kxe4
h1=Q 64. Kd3 Qe1 65. Kd4 Qe2 66. Kd5 Qe3 67. Kc6 Qd4 68. Kb5 Qc3 69. Kb6 Qc4
70. Kb7 Qc5 71. Kb8 Qc6 72. Ka7 Qb5 73. Ka8 Kf3 74. Ka7 Ke4 75. Ka8 Kd5 76.
Ka7 Kc6 77. Ka8 Qb7# {White checkmated} 0-1

[Event "ICC tourney 3069 (40 10)"]
[Site "Internet Chess Club"]
[Date "2022.12.03"]
[Round "2"]
[White "SCHROMBECK, JON A:Gm374"]
[Black "STONE, GILBERT L:tightfist"]
[Result "0-1"]
[ICCResult "White resigns"]
[WhiteElo "1036"]
[BlackElo "1201"]
[Opening "Queen's pawn: London system"]
[ECO "A45"]
[NIC "QP.07"]
[Time "13:16:33"]
[PlyCount "56"]
[TimeControl "2400+10"]

1. d4 Nf6 2. Bf4 d5 3. e3 e6 4. c4 c5 5. Nf3 Nc6 6. Nc3 cxd4 7. exd4 dxc4 8.
Bxc4 Nd5 9. Nxd5 exd5 10. Bd3 Bb4+ 11. Bd2 Qe7+ 12. Be2 O-O 13. O-O Bg4 14.
Bxb4 Qxb4 15. b3 Rad8 16. a3 Qb6 17. Qd3 Bxf3 18. gxf3 Qxd4 19. Qxd4 Nxd4
20. Bd1 Rc8 21. Re1 Rc3 22. Re3 Rfc8 23. Kg2 Kf8 24. Ra2 Ne6 25. Rd2 d4 26.
Re4 b6 27. f4 Nc5 28. Rdxd4 Nxe4 {White resigns} 0-1

[Event "ICC tourney 3069 (40 10)"]
[Site "Internet Chess Club"]
[Date "2022.12.03"]
[Round "2"]
[White "ANGEL, BORYS:BArkadia"]
[Black "WESLEY, GEORGE:Maglars"]
[Result "1-0"]
[ICCResult "Black checkmated"]
[WhiteElo "1388"]
[BlackElo "1125"]
[Opening "Scandinavian (center counter) defense"]
[ECO "B01"]
[NIC "SD.01"]
[Time "13:16:00"]
[PlyCount "51"]
[TimeControl "2400+10"]

1. e4 d5 2. exd5 Qxd5 3. Nc3 Qa5 4. g3 Nf6 5. Bg2 c6 6. Nge2 Bf5 7. d3 e5 8.
O-O Be7 9. Bd2 Qc7 10. a3 O-O 11. b4 a6 12. Rb1 b5 13. Re1 Nbd7 14. d4 Rad8
15. Qc1 Nb6 16. dxe5 Qxe5 17. Bf4 Qe6 18. Nd4 Ne4 19. Nxe6 fxe6 20. Nxe4 Rd4
21. Nc5 Bxc5 22. bxc5 Nd5 23. Bd6 Rf7 24. Qg5 Nc3 25. Qd8+ Rf8 26. Qxf8#
{Black checkmated}
1-0

[Event "ICC tourney 3069 (40 10)"]
[Site "Internet Chess Club"]
[Date "2022.12.03"]
[Round "2"]
[White "Anand, Anirudh:AnirudhAnand"]
[Black "BURRE, UJJVAL:BRCCKS10"]
[Result "0-1"]
[ICCResult "White checkmated"]
[WhiteElo "469"]
[BlackElo "798"]
[Opening "QGD: 4.Bg5 Nbd7"]
[ECO "D51"]
[NIC "QO.16"]
[Time "13:16:08"]
[PlyCount "84"]
[TimeControl "2400+10"]

1. d4 e6 2. c4 d5 3. Nc3 Nf6 4. Bg5 Nbd7 5. cxd5 exd5 6. Nxd5 c6 7. Nxf6+
Nxf6 8. Bd2 Qxd4 9. Nf3 Qxb2 10. e3 Be6 11. Rc1 Qxa2 12. g3 Rd8 13. Bg2 Bb4
14. Rc2 Qa5 15. O-O Bxd2 16. Rxd2 Rxd2 17. Nxd2 O-O 18. Nf3 Rc8 19. Ne5 Qxe5
20. Qa4 a6 21. Rb1 Qc7 22. Qd4 b5 23. Qa1 Qb6 24. Rc1 c5 25. Rc2 c4 26. Ra2
a5 27. Rxa5 h6 28. Ra2 c3 29. Rc2 b4 30. Qc1 Bd5 31. Bh3 Rc7 32. Bg2 Bxg2
33. Kxg2 Nd5 34. h4 b3 35. Re2 b2 36. Qb1 c2 37. Rxc2 Rxc2 38. Qxc2 b1=Q 39.
Qc8+ Kh7 40. Qd7 Nf6 41. Qc8 Qe4+ 42. Kh3 Qh1# {White checkmated} 0-1

[Event "ICC tourney 3069 (40 10)"]
[Site "Internet Chess Club"]
[Date "2022.12.03"]
[Round "2"]
[White "SAWYER, TIMOTHY A:tasawyer81"]
[Black "THAPER, RISHUBH:MajorKey"]
[Result "0-1"]
[ICCResult "White resigns"]
[WhiteElo "695"]
[BlackElo "1328"]
[Opening "Caro-Kann: advance variation"]
[ECO "B12"]
[NIC "CK.04"]
[Time "13:16:00"]
[PlyCount "64"]
[TimeControl "2400+10"]

1. e4 c6 2. d4 d5 3. e5 Bf5 4. c3 e6 5. Nf3 c5 6. Bg5 Qb6 7. b3 h6 8. Bf4
Nc6 9. Be2 Nge7 10. O-O Be4 11. dxc5 Qxc5 12. Be3 Qa5 13. b4 Qc7 14. Nbd2
Bxf3 15. Nxf3 Nxe5 16. Bb5+ N7c6 17. Nd4 a6 18. Ba4 b5 19. Bb3 Bd6 20. Rc1
Nxd4 21. cxd4 Nc4 22. g3 Bxb4 23. Qg4 f5 24. Qf3 g5 25. Qh5+ Qf7 26. Qe2 f4
27. gxf4 gxf4 28. Bxf4 Qxf4 29. Qxe6+ Kf8 30. Qxd5 Rg8+ 31. Kh1 Bd6 32.
Qxa8+ Bb8 {White resigns} 0-1

[Event "ICC tourney 3069 (40 10)"]
[Site "Internet Chess Club"]
[Date "2022.12.03"]
[Round "3"]
[White "McGuire, Bryce:BryceMcGuire"]
[Black "SAWYER, TIMOTHY A:tasawyer81"]
[Result "1-0"]
[ICCResult "Black checkmated"]
[WhiteElo "669"]
[BlackElo "695"]
[Opening "Caro-Kann defense"]
[ECO "B15"]
[NIC "CK.05"]
[Time "15:29:54"]
[PlyCount "37"]
[TimeControl "2400+10"]

1. e4 c6 2. d4 d5 3. Nc3 dxe4 4. Nxe4 Nf6 5. Qd3 Nbd7 6. Nf3 Nxe4 7. Qxe4
Nf6 8. Qf4 e6 9. Ne5 Bd6 10. Bd3 O-O 11. O-O Bd7 12. Qh4 Be7 13. Bg5 h6 14.
Bxh6 Nd5 15. Qg4 Bf6 16. Qe4 g6 17. Nxg6 Re8 18. Ne7+ Qxe7 19. Qh7#
{Black checkmated}
1-0

[Event "ICC tourney 3069 (40 10)"]
[Site "Internet Chess Club"]
[Date "2022.12.03"]
[Round "3"]
[White "Tammineni, Tarun Ram:ttarun"]
[Black "NI, MATTHEW:oldwetplant"]
[Result "1-0"]
[ICCResult "Black resigns"]
[WhiteElo "783"]
[BlackElo "1219"]
[Opening "Rousseau gambit"]
[ECO "C50"]
[NIC "IG.03"]
[Time "15:29:54"]
[PlyCount "77"]
[TimeControl "2400+10"]

1. e4 e5 2. Nf3 Nc6 3. Bc4 f5 4. d3 f4 5. Nc3 Nf6 6. b3 d6 7. Bb2 Bd7 8. Ng5
Ng4 9. Nf7 Qh4 10. Qe2 Nd4 11. Qd2 Nxf2 12. Qxf2 Nxc2+ 13. Kf1 Ne3+ 14. Ke2
Bg4+ 15. Ke1 Nxg2+ 16. Kf1 Ne3+ 17. Kg1 Qh3 18. Ng5 Qh5 19. Bf7+ Qxf7 20.
Nxf7 Kxf7 21. Re1 Ke8 22. Bc1 Be7 23. Bxe3 fxe3 24. Qxe3 Bh4 25. Rc1 Rf8 26.
Nd5 Bf2+ 27. Qxf2 Rxf2 28. Kxf2 Rc8 29. Nxc7+ Kd7 30. Nd5 Rf8+ 31. Kg3 h5
32. Rcf1 Rc8 33. Rf7+ Kc6 34. Rc1+ Kb5 35. a4+ Ka6 36. Rxc8 Bxc8 37. Rxg7
Be6 38. Nc7+ Ka5 39. Nxe6 {Black resigns} 1-0

[Event "ICC tourney 3069 (40 10)"]
[Site "Internet Chess Club"]
[Date "2022.12.03"]
[Round "3"]
[White "procopio, Patti:prostripe"]
[Black "ANGELCHIK, JACOB:t105mm"]
[Result "1-0"]
[ICCResult "Black checkmated"]
[WhiteElo "1037"]
[BlackElo "1319"]
[Opening "Queen's pawn: Torre attack"]
[ECO "A46"]
[NIC "QP.04"]
[Time "15:31:19"]
[PlyCount "139"]
[TimeControl "2400+10"]

1. d4 Nf6 2. Nf3 e6 3. Bg5 Nc6 4. e3 Be7 5. Bd3 O-O 6. O-O d5 7. Nbd2 h6 8.
Bh4 Re8 9. c3 Bd6 10. e4 e5 11. exd5 g5 12. Bg3 Nxd5 13. dxe5 Nxe5 14. Nxe5
Bxe5 15. Bxe5 Rxe5 16. Qc2 f5 17. Nf3 Re7 18. Nd4 f4 19. Rfe1 Bg4 20. h3 Bh5
21. Bg6 Nf6 22. Bxh5 Nxh5 23. Qg6+ Rg7 24. Qxh5 Qf6 25. Re8+ Rxe8 26. Qxe8+
Kh7 27. Qe4+ Rg6 28. Re1 Qf7 29. Qe7 Rg7 30. Qxf7 Rxf7 31. Nb5 a6 32. Nd4
Kg6 33. Kf1 c5 34. Re6+ Kh5 35. Nf3 Rd7 36. Ke2 Rd5 37. c4 Rd7 38. b3 a5 39.
Ne5 Rd4 40. Nd3 a4 41. f3 a3 42. Nxc5 Rd8 43. Nxb7 Rb8 44. Nd6 Rxb3 45. Nb5
Rb2+ 46. Kd3 Rxa2 47. Ra6 Rxg2 48. Rxa3 Rg3 49. Ke4 Kh4 50. c5 Rg1 51. Rc3
Re1+ 52. Kf5 Kxh3 53. c6 Kg3 54. c7 Re8 55. Nd6 Rh8 56. c8=Q Rxc8 57. Rxc8
Kxf3 58. Rh8 Kg2 59. Rxh6 f3 60. Ne4 g4 61. Rg6 g3 62. Rxg3+ Kh2 63. Rxf3
Kg1 64. Kg4 Kg2 65. Ng5 Kh2 66. Rg3 Kh1 67. Kf3 Kh2 68. Ne4 Kh1 69. Nf2+ Kh2
70. Rg2# {Black checkmated} 1-0

[Event "ICC tourney 3069 (40 10)"]
[Site "Internet Chess Club"]
[Date "2022.12.03"]
[Round "3"]
[White "WESLEY, GEORGE:Maglars"]
[Black "ASHOK, AMUDHAN:amudhanashok"]
[Result "1-0"]
[ICCResult "Black resigns"]
[WhiteElo "1125"]
[BlackElo "895"]
[Opening "English: Sicilian reversed"]
[ECO "A25"]
[NIC "EO.20"]
[Time "15:29:50"]
[PlyCount "67"]
[TimeControl "2400+10"]

1. c4 e5 2. Nc3 Nc6 3. g3 Bc5 4. Bg2 Nf6 5. e3 d6 6. Nge2 O-O 7. O-O Be6 8.
d4 exd4 9. exd4 Bxd4 10. Nxd4 Bxc4 11. Nxc6 bxc6 12. Re1 Qd7 13. Qf3 d5 14.
Bg5 Qd6 15. b3 Ba6 16. Rad1 Rfe8 17. Rxe8+ Rxe8 18. Bxf6 gxf6 19. Bh3 d4 20.
Ne4 Qe5 21. Nxf6+ Kf8 22. Nxe8 Qxe8 23. Bf1 Bb7 24. Qd3 c5 25. Qxh7 Qc6 26.
Qh8+ Ke7 27. Re1+ Kd6 28. Qh6+ f6 29. Qxf6+ Kd7 30. Qxc6+ Bxc6 31. a4 Bd5
32. Bc4 Bf3 33. h4 Kd6 34. Kh2 {Black resigns} 1-0

[Event "ICC tourney 3069 (40 10)"]
[Site "Internet Chess Club"]
[Date "2022.12.03"]
[Round "3"]
[White "BURRE, UJJVAL:BRCCKS10"]
[Black "ANGEL, BORYS:BArkadia"]
[Result "0-1"]
[ICCResult "White checkmated"]
[WhiteElo "798"]
[BlackElo "1388"]
[Opening "two knights defense: Bogolyubov variation"]
[ECO "C58"]
[NIC "KP.01"]
[Time "15:29:51"]
[PlyCount "68"]
[TimeControl "2400+10"]

1. e4 e5 2. Nf3 Nc6 3. Bc4 Nf6 4. Ng5 d5 5. exd5 Na5 6. Bb5+ c6 7. dxc6 bxc6
8. Qf3 Bb7 9. Bd3 Be7 10. O-O c5 11. Qe2 O-O 12. Nc3 h6 13. Nge4 Nxe4 14.
Bxe4 Bxe4 15. Qxe4 Bd6 16. d3 f5 17. Qe2 Nc6 18. f4 Nd4 19. Qd1 Rb8 20. b3
exf4 21. Bxf4 Bxf4 22. Rxf4 Qg5 23. g3 Rbe8 24. Rc1 Ne6 25. Rf3 Nd4 26. Rf4
Re3 27. Qf1 Rfe8 28. Rf2 Nf3+ 29. Rxf3 Rxf3 30. Qd1 Ree3 31. Rb1 Rxg3+ 32.
hxg3 Rxg3+ 33. Kf2 Qe3+ 34. Kf1 Rg1# {White checkmated} 0-1

[Event "ICC tourney 3069 (40 10)"]
[Site "Internet Chess Club"]
[Date "2022.12.03"]
[Round "3"]
[White "THAPER, RISHUBH:MajorKey"]
[Black "WU, DARREN:chessboy111"]
[Result "1/2-1/2"]
[ICCResult "Game drawn by repetition"]
[WhiteElo "1328"]
[BlackElo "1318"]
[Opening "Catalan: closed, 5.Nf3"]
[ECO "E06"]
[NIC "CA.04"]
[Time "15:33:41"]
[PlyCount "112"]
[TimeControl "2400+10"]

1. d4 d5 2. c4 e6 3. Nf3 Nf6 4. g3 Be7 5. Bg2 O-O 6. O-O b6 7. cxd5 Nxd5 8.
e4 Nf6 9. Ng5 Bb7 10. Qd3 Ba6 11. Qc2 Bxf1 12. e5 Ne4 13. Bxe4 Bxg5 14. Bxg5
Qxg5 15. Bxa8 Bb5 16. Nc3 Bc6 17. Bxc6 Nxc6 18. Ne4 Nxd4 19. Nxg5 Nxc2 20.
Rc1 h6 21. Rxc2 hxg5 22. Rxc7 a5 23. Rb7 Rc8 24. Rxb6 Rc5 25. Rb8+ Kh7 26.
a4 Rxe5 27. Rb5 Re1+ 28. Kg2 Re2 29. Kf3 Rc2 30. Rxg5 Rxb2 31. Rxa5 Ra2 32.
Ra8 g6 33. Ke3 Kg7 34. f4 Rxh2 35. a5 Ra2 36. Ke4 Ra3 37. g4 f5+ 38. gxf5
exf5+ 39. Ke5 Ra4 40. a6 Re4+ 41. Kd5 Rxf4 42. a7 Ra4 43. Ke5 Ra6 44. Kf4
Ra4+ 45. Ke5 Ra5+ 46. Kf4 Kh7 47. Kg5 Kg7 48. Kf4 Kh7 49. Kg5 Ra6 50. Kf4
Kg7 51. Ke5 Kh7 52. Kf4 Ra5 53. Kg5 Kg7 54. Kf4 Kh7 55. Kg5 Kg7 56. Kf4 Kh7
{Game drawn by repetition}
1/2-1/2

[Event "ICC tourney 3069 (40 10)"]
[Site "Internet Chess Club"]
[Date "2022.12.03"]
[Round "3"]
[White "Mehta, Aarav Amit:amitmehta22"]
[Black "Xu, Michael:mxu81"]
[Result "0-1"]
[ICCResult "White resigns"]
[WhiteElo "1423"]
[BlackElo "1186"]
[Opening "two knights defense: Fegatello attack"]
[ECO "C57"]
[NIC "KP.01"]
[Time "15:29:55"]
[PlyCount "82"]
[TimeControl "2400+10"]

1. e4 e5 2. Nf3 Nc6 3. Bc4 Nf6 4. Ng5 d5 5. exd5 Nxd5 6. Nxf7 Kxf7 7. Qf3+
Ke6 8. Nc3 Nb4 9. O-O c6 10. d4 Qf6 11. Qe2 b5 12. Ne4 Qf5 13. Ng5+ Kf6 14.
f4 exd4 15. Ne4+ Kf7 16. Ng5+ Kg8 17. Bb3 h6 18. Ne4 Be6 19. c3 dxc3 20.
bxc3 Na6 21. Bc2 Qf7 22. g4 Nc5 23. f5 Bd7 24. Ng3 Nf6 25. Ba3 Re8 26. Qf3
Qd5 27. Qf4 Bd6 28. Bb3 Nxb3 29. Bxd6 Nxa1 30. Rxa1 Ne4 31. Bb4 Nxg3 32.
Qxg3 Kh7 33. Rf1 c5 34. Ba3 b4 35. Bb2 Re2 36. f6 gxf6 37. c4 Qe4 38. Rxf6
Re1+ 39. Rf1 Rxf1+ 40. Kxf1 Rf8+ 41. Kg1 Qxg4 {White resigns} 0-1

[Event "ICC tourney 3069 (40 10)"]
[Site "Internet Chess Club"]
[Date "2022.12.03"]
[Round "3"]
[White "STONE, GILBERT L:tightfist"]
[Black "Anand, Anirudh:AnirudhAnand"]
[Result "0-1"]
[ICCResult "White resigns"]
[WhiteElo "1201"]
[BlackElo "469"]
[Opening "English: four knights, Capablanca variation"]
[ECO "A28"]
[NIC "EO.07"]
[Time "15:30:19"]
[PlyCount "102"]
[TimeControl "2400+10"]

1. Nf3 Nc6 2. c4 e5 3. Nc3 Nf6 4. d3 Bb4 5. Bd2 O-O 6. g3 d6 7. Bg2 h6 8.
O-O Re8 9. a3 Bxc3 10. Bxc3 Be6 11. b3 Qd7 12. Qc2 Bh3 13. Rfe1 Bxg2 14.
Kxg2 Rad8 15. Rad1 Ne7 16. b4 Ng6 17. h3 e4 18. dxe4 Nxe4 19. Ba1 Ng5 20.
Nxg5 hxg5 21. Qb2 f6 22. b5 g4 23. Rh1 gxh3+ 24. Rxh3 Qg4 25. Rd4 Re4 26.
Rxe4 Qxe4+ 27. f3 Qxc4 28. e4 d5 29. Rh1 dxe4 30. fxe4 Qxe4+ 31. Kh2 Kf7 32.
Rc1 Rh8+ 33. Kg1 Rh1+ 34. Kf2 Rh2+ 35. Kg1 Rxb2 36. Rxc7+ Ke6 37. Bxb2 Qb1+
38. Kg2 Qxb2+ 39. Kh3 Qxa3 40. Rxb7 Kd6 41. Rxg7 Nf4+ 42. Kg4 Qe3 43. Rb7
Qe4 44. Rg7 Ne6+ 45. Kh3 Nxg7 46. g4 f5 47. gxf5 Nxf5 48. Kh2 Qe5+ 49. Kg2
Qxb5 50. Kf3 Ne3 51. Kxe3 a5 {White resigns} 0-1

[Event "ICC tourney 3069 (40 10)"]
[Site "Internet Chess Club"]
[Date "2022.12.03"]
[Round "4"]
[White "SAWYER, TIMOTHY A:tasawyer81"]
[Black "SCHROMBECK, JON A:Gm374"]
[Result "0-1"]
[ICCResult "White resigns"]
[WhiteElo "695"]
[BlackElo "1036"]
[Opening "Sicilian: Kan, Maróczy bind (Réti variation)"]
[ECO "B41"]
[NIC "SI.41"]
[Time "17:45:55"]
[PlyCount "24"]
[TimeControl "2400+10"]

1. e4 c5 2. Nf3 e6 3. d4 cxd4 4. Nxd4 a6 5. c4 Nc6 6. Bd2 Nxd4 7. Bc3 Nc6 8.
Bd3 e5 9. O-O Nb4 10. Bxb4 Bxb4 11. Nc3 Bxc3 12. bxc3 Ne7 {White resigns}
0-1

[Event "ICC tourney 3069 (40 10)"]
[Site "Internet Chess Club"]
[Date "2022.12.03"]
[Round "4"]
[White "BURRE, UJJVAL:BRCCKS10"]
[Black "McGuire, Bryce:BryceMcGuire"]
[Result "0-1"]
[ICCResult "White resigns"]
[WhiteElo "798"]
[BlackElo "669"]
[Opening "Two knights defense"]
[ECO "C57"]
[NIC "KP.01"]
[Time "17:45:26"]
[PlyCount "32"]
[TimeControl "2400+10"]

1. e4 e5 2. Nf3 Nc6 3. Bc4 Nf6 4. Ng5 Nxe4 5. Nxf7 Qh4 6. g3 Nxg3 7. fxg3
Qe4+ 8. Qe2 Qxh1+ 9. Kf2 Bc5+ 10. d4 Bxd4+ 11. Be3 O-O 12. Bxd4 Nxd4 13.
Qxe5 Nxc2 14. Ke2 Qe1+ 15. Kd3 Nb4+ 16. Kd4 Nc6+ {White resigns} 0-1

[Event "ICC tourney 3069 (40 10)"]
[Site "Internet Chess Club"]
[Date "2022.12.03"]
[Round "4"]
[White "ANGEL, BORYS:BArkadia"]
[Black "THAPER, RISHUBH:MajorKey"]
[Result "1-0"]
[ICCResult "Black checkmated"]
[WhiteElo "1388"]
[BlackElo "1328"]
[Opening "Caro-Kann: Tartakower (Nimzovich) variation"]
[ECO "B15"]
[NIC "CK.06"]
[Time "17:45:22"]
[PlyCount "41"]
[TimeControl "2400+10"]

1. e4 c6 2. d4 d5 3. Nc3 dxe4 4. Nxe4 Nf6 5. Nxf6+ exf6 6. c3 Bd6 7. Bd3 O-O
8. Qc2 Re8+ 9. Ne2 h5 10. Be3 Qa5 11. a3 Qd5 12. O-O h4 13. c4 Qh5 14. Rfe1
h3 15. Nf4 Bxf4 16. Bxf4 Rxe1+ 17. Rxe1 Be6 18. d5 cxd5 19. cxd5 Qxd5 20.
Qc8+ Bxc8 21. Re8# {Black checkmated} 1-0